 Dungeon Crawl Stone Soup version 0.29.1-12-g30fa7ad0bf (webtiles) character file.

Game seed: 14847990299135380936

1423 Radix the Fighter (level 8, -1/78 HPs)
             Began as a Minotaur Berserker on Jan 10, 2023.
             Was a Priest of Trog.
             Slain by a yak (16 damage)
             ... on level 5 of the Dungeon.
             The game lasted 00:13:33 (5432 turns).

Radix the Fighter (Minotaur Berserker)              Turns: 5432, Time: 00:13:34

Health: -1/78      AC:  1    Str: 27    XL:     8   Next: 44%
Magic:  7/7        EV: 12    Int:  4    God:    Trog [***...]
Gold:   291        SH:  0    Dex: 10    Spells: 7/7 levels left

rFire   + . .      SeeInvis +   a - +0 hand axe
rCold   x . .      Faith    .   (no shield)
rNeg    . . .      Spirit   .   f - +0 leather armour
rPois   +          Reflect  .   (helmet restricted)
rElec   +          Harm     .   (no cloak)
rCorr   .          Rampage  .   g - +0 pair of gloves
Will    .....                   e - +0 pair of boots
Stlth   +.........              (no amulet)
HPRegen 0.23/turn               j - ring of poison resistance
MPRegen 0.10/turn               p - ring "Egyafaej" {Fire *Corrode rElec Str+3 SInv}

@: corroded
A: horns 2, retaliatory headbutt
a: Renounce Religion, Berserk, Trog's Hand


You were on level 5 of the Dungeon.
You worshipped Trog.
Trog was most pleased with you.
You visited 1 branch of the dungeon, and saw 5 of its levels.

You collected 291 gold pieces.

Inventory:

Hand Weapons
 a - a +0 hand axe (weapon)
Missiles
 c - 6 poisoned darts (quivered)
Armour
 e - a +0 pair of boots (worn)
 f - a +0 leather armour (worn)
 g - a +0 pair of gloves (worn)
Jewellery
 j - a ring of poison resistance (left hand)
 l - a ring of fire
 p - the ring "Egyafaej" (right hand) {Fire *Corrode rElec Str+3 SInv}
   (You found it on level 4 of the Dungeon)

   [ring of fire]

   It enhances your fire magic.
   Str:       It affects your strength (+3).
   rF:        It protects you from fire.
   rC:        It makes you vulnerable to cold.
   rElec:     It insulates you from electricity.
   SInv:      It lets you see invisible.
   *Corrode:  It may corrode you when you take damage.
 q - an amulet of faith
 s - a ring of ice
 t - a +6 ring of intelligence
Wands
 v - a wand of charming (9)
Scrolls
 d - 3 scrolls of teleportation
 i - 2 scrolls of poison {unknown}
 k - a scroll of enchant weapon {unknown}
 m - a scroll of identify
 n - a scroll of amnesia {unknown}
 r - 2 scrolls of magic mapping {unknown}
 u - a scroll of fear
Potions
 b - a potion of curing {unknown}
 h - 2 potions of flight
 o - a potion of heal wounds {unknown}


   Skills:
 + Level 9.6 Fighting
 + Level 9.6 Axes
 - Level 2.4 Armour
 - Level 2.1 Dodging


You had 7 spell levels left.
You didn't know any spells.
Your spell library was empty.

Dungeon Overview and Level Annotations

Branches:
Dungeon (5/15)             Temple (0/1) D:4

Altars:
Elyvilon
Okawaru
Qazlal
Trog
Yredelemnul
Zin
The Shining One

Shops:
D:2 *


Innate Abilities, Weirdness & Mutations

You have a pair of horns on your head.
You reflexively headbutt those who attack you in melee.


Message History

HP restored.
Found a basalt altar of Yredelemnul.
A yak comes into view.
The yak bellows!
You hear a bellow!
A yak comes into view.
The yak moves out of view.
A yak comes into view.
The yak bellows!
You hit the yak.
The yak is lightly wounded.
The yak misses you.
You barely miss the yak.
The yak is lightly wounded.
You hit the yak. The yak closely misses you. The yak barely misses you.
You barely miss the yak.
The yak is lightly wounded.
You hit the yak. The yak closely misses you. The yak gores you!
Your corrosive artefact corrodes you!
You hit the yak but do no damage. You headbutt the yak.
The yak is lightly wounded.
You hit the yak but do no damage. You hit the yak. The yak gores you.
The yak closely misses you. The yak gores you!
You hit the yak but do no damage. You headbutt the yak!
The yak is moderately wounded.
You barely miss the yak. You closely miss the yak. You hit the yak.
The yak is heavily wounded.
You hit the yak. You barely miss the yak. The yak completely misses you.
You furiously retaliate!
You headbutt the yak! The yak barely misses you. x2
You furiously retaliate!
You headbutt the yak, but do no damage. You barely miss the yak.
The yak is severely wounded.
You hit the yak. You hit the yak but do no damage. The yak gores you!
The yak gores you. The yak gores you!
You hit the yak but do no damage.
The yak is severely wounded.
You hit the yak. You barely miss the yak. The yak gores you!
* * * LOW HITPOINT WARNING * * *
The yak gores you!
You die...

###.........#.# #........# ##.#
..##.....####.####........####..#
............................_##.#
#..###.#.##.######........####..#
##.###.#.#..### #........# #..#
##..##.#.#....############# #..#
###.........####..#..# #... #
##...#....##..YY...# ##†.
####..##........@Y#.# #..
.................##... ##..
#...........##...##..#^# #...
......##....##...##....# #####...
...##.##....######...)# #.......
..###.##....# ##.#.## #.######
#.###.##....# #.....####.#
.........#..#####.#.#......#
.........##..##...#.#.######


You could see 3 yaks.

Vanquished Creatures
  Grinder (D:4)
  Sigmund (D:4)
  A yak (D:5)
  2 water moccasins (D:5)
  2 phantoms (D:5)
  4 scorpions (D:4)
  2 hounds
  A jelly (D:5)
  Terence (D:3)
  An iguana (D:4)
  A killer bee zombie (D:5)
  Robin (D:3)
  A howler monkey zombie (D:5)
  4 gnolls
  5 adders
  A shadow imp (D:5)
  A worm (D:2)
  4 dart slugs
  An orc (D:3)
  4 endoplasms
  4 giant cockroaches
  11 goblins
  8 hobgoblins
  4 jackals (D:3)
  9 kobolds
  4 quokkas
  8 ball pythons
  9 bats
  6 rats
102 creatures vanquished.

Notes
Turn   | Place    | Note
-------+----------+-------------------------------------------
     0 | D:1      | Radix the Minotaur Berserker began the quest for the Orb.
     0 | D:1      | Reached XP level 1. HP: 19/19 MP: 0/0
   165 | D:1      | Reached XP level 2. HP: 25/27 MP: 1/1
   479 | D:1      | Reached ** piety under Trog
   484 | D:1      | Reached XP level 3. HP: 8/34 MP: 2/2
   746 | D:1      | Found a faded altar of an unknown god.
   976 | D:2      | Found a bloodstained altar of Trog.
  1349 | D:2      | Found Igiaby's Assorted Antiques.
  1563 | D:3      | Reached XP level 4. HP: 40/41 MP: 3/3
  1576 | D:3      | Found a glowing silver altar of Zin.
  1676 | D:3      | Reached skill level 5 in Fighting
  1676 | D:3      | Reached skill level 5 in Axes
  1986 | D:3      | Noticed Terence
  1995 | D:3      | Killed Terence
  2401 | D:3      | Noticed Robin
  2417 | D:3      | Killed Robin
  2509 | D:3      | Reached XP level 5. HP: 48/48 MP: 4/4
  2556 | D:3      | Found an iron altar of Okawaru.
  2695 | D:4      | Reached *** piety under Trog
  2814 | D:4      | Found a stormy altar of Qazlal.
  2859 | D:4      | Reached XP level 6. HP: 31/58 MP: 5/5
  3447 | D:4      | Found a staircase to the Ecumenical Temple.
  3603 | D:4      | Noticed Grinder
  3611 | D:4      | Killed Grinder
  3612 | D:4      | Reached XP level 7. HP: 66/66 MP: 6/6
  3820 | D:4      | Noticed Sigmund
  3832 | D:4      | Killed Sigmund
  3838 | D:4      | Found a glowing golden altar of the Shining One.
  3995 | D:4      | Found a white marble altar of Elyvilon.
  4032 | D:4      | Identified the ring "Egyafaej" {Fire *Corrode rElec Str+3
                  | SInv}
  4387 | D:5      | Entered Level 5 of the Dungeon
  4627 | D:5      | Noticed a yak
  4647 | D:5      | Killed a yak
  4648 | D:5      | Reached XP level 8. HP: 59/77 MP: 7/7
  5405 | D:5      | Found a basalt altar of Yredelemnul.
  5432 | D:5      | Slain by a yak

Illustrated notes

Levels and vault maps discovered:
D:1:      psy_arrival_conway, layout_rooms, hellmonk_ecumenical_altar_lost_god
D:2:      layout_loops_cross, basic_altar, serial_shops,
          nicolae_shop_temple_entry_statues_fountains
D:3:      layout_loops_ring, okawaru_altar_gauntlet_db,
          mainiacjoe_overflow_tiny_flanked, uniq_terence, uniq_robin
D:4:      layout_loops_corners, mainiacjoe_overflow_paths,
          nicolae_qazlal_general_emergency, amcnicky_altar_gilded,
          lemuel_temple_firewalk_b, uniq_grinder, uniq_sigmund
D:5:      layout_rooms, lemuel_zombie_altar_yredelemnul, lemuel_round_altar

Skill      XL: |  1  2  3  4  5  6  7  8 |
---------------+-------------------------+-----
Fighting       | 4 5 6 7 8 9 |  9.6
Axes           | 4 5 6 7 8 9 |  9.6
Armour         | |  2.4
Dodging        | |  2.1

Action                   |  1- 3 |  4- 6 |  7- 9 || total
-------------------------+-------+-------+-------++-------
Melee: Hand axe          |    60 |   105 |   105 ||   270
       Headbutt          |    10 |    15 |    17 ||    42
       Punch             |       |     1 |       ||     1
Invok: Berserk           |       |     2 |       ||     2
       Trog's Hand       |       |     2 |     1 ||     3
  Use: Scroll            |     5 |     1 |       ||     6
Armor: Animal skin       |    11 |       |       ||    11
       Leather armour    |     9 |    34 |    24 ||    67
Dodge: Dodged            |    44 |    60 |    44 ||   148
